AoeStats
← Lucasp103342

Arabia

510680614Analyzed
1v1 RM · 21h ago on Oct 2, 2026· 65m 34s· 2 players
Game mode
Random Map
Map size
Tiny (2 player)
Population
200
Speed
Normal
Resources
Standard
Victory
Conquest
Starting age
Dark Age
Ending age
Imperial Age
RankedLock teamsTeams togetherTeam positionsShared explorationLock speedFull tech treeHidden civsTurbo modeCheats
Victory
Defeat
🇦🇷 Maya · Argentina
934
+13
🇵🇪 Malay · Peru
869
-13
Lucasp103342
0:32 Loom
11:03 Feudal Age
13:36 Double-Bit Axe
16:48 Wheelbarrow
19:23 Castle Age
18:29 Gold Mining
19:03 Fletching
20:14 Forging
22:59 Padded Archer Armor
23:28 Crossbowman
25:05 Scale Mail Armor
25:07 Eagle Warrior
30:30 Ballistics
30:08 Bodkin Arrow
35:39 Imperial Age
35:36 Leather Archer Armor
37:46 Hul'che Javelineers
40:42 Imperial Age
39:48 Chain Mail Armor
40:09 Iron Casting
41:07 Thumb Ring
41:59 Stone Mining
44:20 Chemistry
44:11 Bracer
48:09 Blast Furnace
46:46 Elite Plumed Archer
50:37 Ring Archer Armor
50:38 Plate Mail Armor
51:06 Hand Cart
50:24 Elite Eagle Warrior
52:58 Bow Saw
58:12 Conscription
APOLO
10:31 Feudal Age
9:54 Loom
18:33 Castle Age
18:34 Horse Collar
18:53 Town Watch
21:50 Gold Mining
22:06 Double-Bit Axe
26:13 Wheelbarrow
27:35 Man-at-Arms
29:54 Bow Saw
29:54 Heavy Plow
30:45 Forging
37:07 Imperial Age
37:05 Conscription
38:49 Fletching
39:34 Iron Casting
40:57 Ballistics
41:38 Chemistry
40:49 Masonry
41:47 Crop Rotation
42:26 Murder Holes
42:34 Stone Mining
43:07 Thalassocracy
43:33 Elite Skirmisher
44:24 Capped Ram
45:50 Hand Cart
45:43 Forced Levy
45:48 Padded Archer Armor
47:14 Long Swordsman
48:58 Blast Furnace
48:14 Leather Archer Armor
50:01 Squires
50:38 Bodkin Arrow
52:11 Elite Battle Elephant
52:55 Husbandry
53:17 Treadmill Crane
55:22 Bracer
60:29 Ring Archer Armor
60:01 Arson
60:09 Light Cavalry
63:31 Scale Barding Armor
Connection lost

Rejoining the realm…

Still unreachable

The connection could not be restored.

Session expired

The server has moved on; the page needs a fresh start.